cohdb
Replays
Latest Replays
All Replays
Popular Replays
Top Player Replays
Match Explorer
How It Works
Community
CoH3 Stats
Reddit
Sign in to upload your games and track your stats! →
Sign in with Steam
Match 42389375
Unlisted
Match 42389375
Overview
Messages
Build Orders
End
Construct Section Command Post
Vickers Machine Gun Team
Selects Heavy Armor Battlegroup
Dingo Light Scout Car
Infantry Section
Infantry Section
Infantry Section
Construct Platoon Command Post
Grenade Package
Unlock Bishop Self-propelled Artillery
Selects Rigorous Vehicle Training
6-pounder Anti-tank Gun Team
Bishop Self-propelled Artillery
Selects Forward Repair Assembly
Selects UNKNOWN (2162094)
Construct Company Command Post
Selects Light Vehicle Withdraw and Refit
Selects Radio Net
Foot Guards Section
Foot Guards Section
Churchill IV Heavy Tank
Phan
zaro
Dark Angels
SoldMyDad
Rei
ashilrye
[82AD] Janko
Dirkradix
0
0
Comments
sign in to comment!
No comments posted yet!